 Dungeon Crawl Stone Soup version 0.18-a0-1577-gf591c28 (webtiles) character file.

9457 HandofTrog the Bludgeoner (level 11, -6/91 HPs)
             Began as a Minotaur Berserker on Mar 20, 2016.
             Was a High Priest of Trog.
             Engulfed by an ice statue's freezing vapour (13 damage)
             ... on level 10 of the Dungeon.
             The game lasted 00:38:30 (9203 turns).

HandofTrog the Bludgeoner (Minotaur Berserker)      Turns: 9203, Time: 00:38:30

Health: -6/91      AC: 18    Str: 25    XL:     11   Next: 23%
Magic:  10/10      EV:  8    Int:  7    God:    Trog [*****.]
Gold:   546        SH:  5    Dex: 10    Spells: 0 memorised, 10 levels left

rFire  + . .     SeeInvis +     D - +10 mace "Kuonov" {freeze, rF+ Str+3}
rCold  . . .     Gourm    .     E - +0 plate armour
rNeg   + . .     Faith    .     t - +0 buckler
rPois  .         Spirit   .     S - +2 hat
rElec  .         Dismiss  .     C - +0 cloak
rCorr  .         Reflect  .     b - +0 pair of gloves
SustAt .         Harm     .     s - +0 pair of boots
MR     .....                    (no amulet)
Stlth  ..........               v - ring of positive energy
                                z - ring of see invisible

@: not resistant to hostile enchantments, extremely unstealthy
A: retaliatory headbutt, horns 2
a: Berserk, Trog's Hand, Brothers in Arms, Burn Spellbooks, Renounce Religion


You were on level 10 of the Dungeon.
You worshipped Trog.
Trog was extremely pleased with you.
You were not hungry.

You visited 1 branch of the dungeon, and saw 10 of its levels.

You collected 585 gold pieces.
You spent 39 gold pieces at shops.

Inventory:

Hand Weapons
 r - a +1 flail of pain
 D - the +10 mace "Kuonov" (weapon) {freeze, rF+ Str+3}
   (You found it on level 5 of the Dungeon)

   It has been specially enchanted to freeze those struck by it, causing extra
   injury to most foes and up to half again as much damage against particularly
   susceptible opponents.
   It can also slow down cold-blooded creatures.
   It affects your strength (+3).
   It protects you from fire.
Missiles
 u - 14 tomahawks
 y - 10 javelins (quivered)
 O - 3 exploding tomahawks
Armour
 b - a +0 pair of gloves (worn)
 h - a +0 shield
 s - a +0 pair of boots (worn)
 t - a +0 buckler (worn)
 C - a +0 cloak (worn)
 E - a +0 plate armour (worn)
 S - a +2 hat (worn)
Jewellery
 o - an uncursed ring of flight
 p - an uncursed ring of magical power {unknown}
 v - a ring of positive energy (right hand)
 z - a ring of see invisible (left hand)
 L - an uncursed amulet of guardian spirit {unknown}
Wands
 F - a wand of flame (17/48)
 Q - a wand of disintegration (15/24)
Scrolls
 f - 3 scrolls of magic mapping {unknown}
 g - a scroll of enchant armour {unknown}
 k - 3 scrolls of recharging
 G - 4 scrolls of teleportation
 H - a scroll of blinking {unknown}
 V - a scroll of identify
 Z - a scroll of vulnerability {unknown}
Potions
 d - a potion of resistance
 e - 2 potions of flight
 i - 2 potions of agility
 l - 2 potions of curing
 n - 4 potions of cancellation
 q - a potion of lignification {unknown}
 w - a potion of heal wounds
 B - 2 potions of might {unknown}
 J - 2 potions of ambrosia
 R - a potion of haste
 T - a potion of mutation {unknown}
 W - 2 potions of degeneration {unknown}
Books
 a - a book of Power

   Spells                             Type                      Level
   a - Fulminant Prism                Conjuration/Hexes            4
   b - Iskenderun's Mystic Blast      Conjuration                  4
   c - Venom Bolt                     Conjuration/Poison           5
   d - Bolt of Magma                  Conjuration/Fire/Earth       5
   e - Iron Shot                      Conjuration/Earth            6
   f - Orb of Destruction             Conjuration                  7
   g - Spellforged Servitor           Conjuration/Summoning        7
   Trog disapproves of the use of such an item.
 A - a book of Party Tricks

   Spells                             Type                      Level
   a - Summon Butterflies             Summoning                    1
   b - Apportation                    Translocation                1
   c - Tukima's Dance                 Hexes                        3
   d - Alistair's Intoxication        Transmutation/Poison         5
   e - Invisibility                   Hexes                        6
   Trog disapproves of the use of such an item.
 K - a book of Spatial Translocations

   Spells                             Type                      Level
   a - Apportation                    Translocation                1
   b - Blink                          Translocation                2
   c - Shroud of Golubria             Charms/Translocation         2
   d - Portal Projectile              Translocation                3
   e - Teleport Other                 Translocation                3
   f - Passage of Golubria            Translocation                4
   Trog disapproves of the use of such an item.
Miscellaneous
 U - a phial of floods
 X - a lantern of shadows
Comestibles
 c - 7 bread rations
 m - 4 meat rations
 I - 3 beef jerkies
 M - 8 slices of pizza
 P - 7 fruits


   Skills:
 - Level 6.4 Fighting
   Level 8.0(12.7) Axes
 - Level 15.3(15.9) Maces & Flails
 - Level 5.7 Armour
 - Level 5.0 Dodging
 + Level 6.9 Shields


You had 10 spell levels left.
You didn't know any spells.

Dungeon Overview and Level Annotations

Branches:
Dungeon (10/15)            Temple (0/1) D:4             Orc (0/2) D:10
   Lair: D:8-11

Altars:
Cheibriados
Dithmenos
Elyvilon
Fedhas
Gozag
Makhleb
Okawaru
Qazlal
Ru
Sif Muna
Trog
Vehumet
Xom

Shops:
D:4 %*   D:7 (   D:8 *

Annotations:
D:10 exclusion: ice statue


Innate Abilities, Weirdness & Mutations

You reflexively headbutt those who attack you in melee.
You have a pair of horns on your head.


Message History

The ice statue is severely damaged.
You are engulfed in freezing vapours.
You hit the ice statue.
You headbutt the ice statue, but do no damage.
The ice statue is severely damaged.
You are engulfed in freezing vapours.
* * * LOW HITPOINT WARNING * * *
The ice statue throws cold at you. The freezing blast engulfs you!
* * * LOW HITPOINT WARNING * * *
Drink which item? (? for menu, Esc to quit)
You feel much better.
You are engulfed in freezing vapours.
* * * LOW HITPOINT WARNING * * *
Drink which item? (? for menu, Esc to quit)
You feel much better.
You are engulfed in freezing vapours.
* * * LOW HITPOINT WARNING * * *
You thump the ice statue! You headbutt the ice statue.
The ice statue is almost destroyed.
You are engulfed in freezing vapours.
You die...

###################.#
............).......#
....................#
#.........##########
##...§.### ##..§##
#.§§# ##§## #@# #8#
##### ### #.... #.8.8
#.... #>... #....
#.8.8 #....


You could see an ice statue.

Vanquished Creatures
  Gastronok (D:8)
  Urug (D:10)
  2 hill giants
  A gargoyle (D:10)
  Prince Ribbit (D:6)
  Sigmund (D:5)
  A hungry ghost (D:10)
  Eustachio (D:5)
  A hippogriff (D:10)
  7 humans (D:7)
  3 sky beasts
  Duvessa (D:5)
  2 ice beasts (D:8)
  An orc warrior (D:6)
  3 ogres
  3 phantoms
  4 centaurs
  A crocodile (D:9)
  A big kobold (D:8)
  Blork the orc (D:6)
  5 giant frogs
  A wyvern zombie (D:10)
  Dowan (D:5)
  A scorpion (D:6)
  4 killer bees (D:7)
  3 troll zombies (D:10)
  4 howler monkeys
  7 crimson imps
  7 hounds
  2 jellies (D:8)
  A gnoll shaman (D:5)
  2 orc priests
  A giant frog skeleton (D:8)
  A centaur skeleton (D:6)
  3 iguanas
  9 orc wizards
  9 worker ants
  4 sheep (D:7)
  3 ogre zombies (D:10)
  2 hound skeletons
  A worker ant zombie (D:10)
  4 gnolls (D:5)
  17 adders
  3 oozes
  2 adder zombies
  2 adder skeletons
  2 worms
  2 dart slugs
  7 giant geckos
  30 orcs
  7 bats
  5 giant cockroaches
  9 hobgoblins
  6 jackals
  5 quokkas
  A ball python skeleton (D:4)
  A giant gecko zombie (D:7)
  7 giant newts
  12 goblins
  A goblin skeleton (D:10)
  4 goblin zombies (D:10)
  2 hobgoblin zombies (D:10)
  A jackal skeleton (D:4)
  14 kobolds
  3 orc skeletons (D:10)
  9 orc zombies (D:10)
  6 rats
270 creatures vanquished.

Vanquished Creatures (others)
  A wizard (D:9)
  A jelly (D:8)
2 creatures vanquished.

Grand Total: 272 creatures vanquished

Notes
Turn   | Place    | Note
--------------------------------------------------------------
     0 | D:1      | HandofTrog the Minotaur Berserker began the quest for the Orb.
     0 | D:1      | Reached XP level 1. HP: 19/19 MP: 0/0
    75 | D:1      | Reached XP level 2. HP: 27/27 MP: 1/1
   451 | D:1      | Reached ** piety under Trog
   451 | D:1      | Reached XP level 3. HP: 33/33 MP: 2/2
   867 | D:2      | Found a sacrificial altar of Ru.
  1115 | D:2      | Found a deep blue altar of Sif Muna.
  1151 | D:2      | Reached XP level 4. HP: 24/41 MP: 3/3
  1557 | D:2      | Found a radiant altar of Vehumet.
  1916 | D:3      | Found a snail-covered altar of Cheibriados.
  2090 | D:3      | Found a sacrificial altar of Ru.
  2177 | D:3      | Reached skill level 5 in Axes
  2179 | D:3      | Reached *** piety under Trog
  2299 | D:3      | Reached XP level 5. HP: 43/47 MP: 4/4
  2955 | D:4      | Found Loec Qape's Food Boutique.
  3161 | D:4      | Found Ydymif's Assorted Antiques.
  3467 | D:4      | Found a staircase to the Ecumenical Temple.
  3639 | D:5      | Entered Level 5 of the Dungeon
  3639 | D:5      | Noticed Duvessa
  3640 | D:5      | Noticed Dowan
  3645 | D:5      | Killed Duvessa
  3645 | D:5      | Reached skill level 5 in Fighting
  3645 | D:5      | Reached XP level 6. HP: 56/56 MP: 5/5
  3653 | D:5      | Killed Dowan
  3701 | D:5      | Noticed Sigmund
  3717 | D:5      | Killed Sigmund
  3717 | D:5      | Reached XP level 7. HP: 57/61 MP: 6/6
  3741 | D:5      | Found a blossoming altar of Fedhas.
  3770 | D:5      | Reached skill level 5 in Armour
  3778 | D:5      | Got a crystal mace
  4014 | D:5      | Noticed Eustachio
  4032 | D:5      | Killed Eustachio
  4149 | D:5      | Reached XP level 8. HP: 53/70 MP: 7/7
  4415 | D:5      | Reached skill level 5 in Dodging
  4519 | D:5      | Identified the +10 mace "Kuonov" {freeze, rF+ Str+3} (You found it on level 5 of the Dungeon)
  4792 | D:6      | Reached **** piety under Trog
  4828 | D:6      | Reached skill level 1 in Maces & Flails
  4832 | D:6      | Reached skill level 2 in Maces & Flails
  4855 | D:6      | Found a shimmering altar of Xom.
  4899 | D:6      | Reached skill level 3 in Maces & Flails
  5102 | D:6      | Reached skill level 4 in Maces & Flails
  5116 | D:6      | Noticed Prince Ribbit
  5123 | D:6      | Killed Prince Ribbit
  5123 | D:6      | Reached skill level 5 in Maces & Flails
  5124 | D:6      | Reached skill level 6 in Maces & Flails
  5137 | D:6      | Found a white marble altar of Elyvilon.
  5332 | D:6      | Reached skill level 7 in Maces & Flails
  5572 | D:6      | Noticed Blork the orc
  5576 | D:6      | Killed Blork the orc
  5721 | D:6      | Reached XP level 9. HP: 78/78 MP: 8/8
  5781 | D:7      | Reached skill level 8 in Maces & Flails
  5799 | D:7      | Found Diqik's Antique Weapon Shoppe.
  5996 | D:7      | Found a shadowy altar of Dithmenos.
  6003 | D:7      | Reached skill level 9 in Maces & Flails
  6125 | D:7      | Reached skill level 10 in Maces & Flails
  6147 | D:7      | Reached skill level 11 in Maces & Flails
  6362 | D:7      | Reached skill level 12 in Maces & Flails
  6605 | D:8      | Found an opulent altar of Gozag.
  6606 | D:8      | Reached XP level 10. HP: 67/84 MP: 9/9
  6733 | D:8      | Found Parphy's Demolitions Depot.
  6753 | D:8      | Bought 3 exploding tomahawks for 39 gold pieces
  7068 | D:8      | Noticed Gastronok
  7095 | D:8      | Killed Gastronok
  7095 | D:8      | Reached skill level 14 in Maces & Flails
  7295 | D:8      | Found an iron altar of Okawaru.
  7576 | D:3      | Reached ***** piety under Trog
  7881 | D:9      | Found a stormy altar of Qazlal.
  7941 | D:9      | Noticed a hill giant
  7946 | D:9      | Killed a hill giant
  7946 | D:9      | Reached skill level 15 in Maces & Flails
  7960 | D:9      | Found a burning altar of Makhleb.
  7978 | D:9      | Reached skill level 1 in Shields
  8016 | D:9      | Found a bloodstained altar of Trog.
  8017 | D:9      | Noticed a wizard
  8022 | D:9      | Killed a wizard
  8332 | D:10     | Entered Level 10 of the Dungeon
  8332 | D:10     | Noticed a gargoyle
  8335 | D:10     | Killed a gargoyle
  8442 | D:10     | Reached XP level 11. HP: 70/91 MP: 10/10
  8522 | D:10     | Found a staircase to the Orcish Mines.
  8757 | D:10     | Reached skill level 5 in Shields
  8830 | D:10     | Noticed Urug
  8857 | D:10     | Killed Urug
  9093 | D:10     | Noticed a hill giant
  9101 | D:10     | Killed a hill giant
  9203 | D:10     | Engulfed by an ice statue's freezing vapour

Vault maps used:
D:1:      ncdulo_watergridlock, hangedman_abyss_or_decor_stabs,
          serial_bayou_lake_a
D:2:      overflow_temple_1_default, marbit_many_paths, first_bread,
          nicolae_ru_sacrificial_ziggurat
D:3:      nicolae_overflow_crystal_walls, overflow_temple_1_default,
          kennysheep_decorative_pillar, minmay_surrounded
D:4:      minmay_temple_entry_statues_pillars, serial_shops, shop, shop
D:5:      fedhas_bush_and_centaur_altar, nicolae_ossuary_entry_false_entrances,
          uniq_sigmund, uniq_duvessa, uniq_eustachio
D:6:      elyvilon_altar_3, old_standard_altar, kennysheep_small_spiral,
          uniq_prince_ribbit1, uniq_blork_the_orc
D:7:      grunt_dithmenos_shadows, serial_shops, nicolae_shop_crystal,
          grunt_livestock, grunt_ministairs_2, minmay_ruffians
D:8:      kennysheep_mini, okawaru_ov_weapons_minmay, nicolae_blasting_shop,
          uniq_gastronok
D:9:      old_standard_altar, makhleb_heckhound_becter, minmay_misc_feat_x,
          trog_wizard
D:10:     minmay_statue_hallways, zombieorc1_lemuel, grunt_ministairs_3,
          uniq_urug

Skill      XL: |  1  2  3  4  5  6  7  8  9 10 11 |
---------------+----------------------------------+-----
Fighting       | 4 5 6 |  6.4
Axes           | 4 5 6 7 8 |  8.0
Armour         | 3 4 5 |  5.7
Dodging        | 3 4 5 |  5.0
Maces & Flails | 7 12 15 | 15.3
Shields        | 3 6 |  6.9

Action                   |  1- 3 |  4- 6 |  7- 9 | 10-12 || total
-------------------------+-------+-------+-------+-------++-------
Melee: Hand axe          |   104 |    55 |       |       ||   159
       Battleaxe         |       |    62 |    57 |       ||   119
       Mace              |       |       |   178 |   226 ||   404
Throw: Javelin           |       |     2 |     3 |       ||     5
Invok: Trog's Hand       |       |     2 |     2 |       ||     4
       Berserk           |       |     1 |     1 |     1 ||     3
Evoke: Wand              |       |       |       |     1 ||     1
  Use: Scroll            |       |     5 |     9 |       ||    14
       Potion            |       |       |       |     2 ||     2
 Stab: Sleeping          |     1 |       |       |       ||     1
  Eat: Chunk             |       |    10 |     6 |     2 ||    18
       Bread ration      |       |       |     1 |     2 ||     3
